 Dungeon Crawl Stone Soup version 0.28.0-45-g0d030f2227 (webtiles) character file.

Game seed: 15178708374997454582

695 MisterFreud the Slasher (level 7, -5/52 (55) HPs)
             Began as a Palentonga Fighter on Apr 14, 2022.
             Was a Believer of Okawaru.
             Slain by an iguana (9 damage)
             ... on level 5 of the Dungeon.
             The game lasted 00:05:57 (4889 turns).

MisterFreud the Slasher (Palentonga Fighter)        Turns: 4889, Time: 00:05:58

HP:   -5/52 (55)    AC: 19    Str: 25    XL:     7   Next: 37%
MP:   9/9           EV:  5    Int:  9    God:    Okawaru [**....]
Gold: 490           SH:  4    Dex: 11    Spells: 6/6 levels left

rFire   . . .      SeeInvis +   t - +2 falchion (holy)
rCold   . . .      Faith    .   c - +0 buckler
rNeg    . . .      Spirit   .   b - +0 scale mail
rPois   .          Reflect  .   l - +0 helmet
rElec   .          Harm     .   (no cloak)
rCorr   .          Rampage  .   (no gloves)
Will    .....                   i - +0 barding {Stlth+}
Stlth   +.........              (no amulet)
HPRegen 0.17/turn               g - +6 ring of strength
MPRegen 0.11/turn               (no ring)

@: drained, curled up
A: large, rugged brown scales 3, see invisible, deformed body, roll 1, armoured
tail, reflexive curl
a: Rolling Charge, Renounce Religion, Heroism


You were on level 5 of the Dungeon.
You worshipped Okawaru.
Okawaru was pleased with you.
You visited 1 branch of the dungeon, and saw 5 of its levels.
You also visited: Ossuary.

You collected 490 gold pieces.

Inventory:

Hand Weapons
 a - a +1 long sword
 h - a +2 whip of flaming
 t - a +2 falchion of holy wrath (weapon)
Missiles
 f - 3 boomerangs
 j - 6 poisoned darts
 n - 5 curare-tipped darts
 s - 3 atropa-tipped darts
Armour
 b - a +0 scale mail (worn)
 c - a +0 buckler (worn)
 i - a +0 barding of stealth (worn)
 l - a +0 helmet (worn)
Jewellery
 g - a +6 ring of strength (left hand)
Wands
 q - a wand of digging (3)
Scrolls
 e - 6 scrolls of identify {unknown}
 m - a scroll of enchant armour {unknown}
 o - a scroll of vulnerability {unknown}
 p - a scroll of teleportation {unknown}
 u - a scroll of fog {unknown}
 v - 2 scrolls of immolation {unknown}
Potions
 d - 2 potions of might
 k - a potion of heal wounds
 r - a potion of brilliance {unknown}


   Skills:
 - Level 3.0 Fighting
 + Level 7.4 Long Blades
 - Level 2.4 Armour
 - Level 2.4 Shields
 + Level 3.9 Invocations


You had 6 spell levels left.
You didn't know any spells.
Your spell library contained the following spells:

 Spells                   Type           Power      Damage    Failure   Level
 Sublimation of Blood     Necr           0%         N/A       88%         2
 Portal Projectile        Hex/Tloc       0%         N/A       98%         3
 Petrify                  Tmut/Erth      0%         N/A       100%        4
 Blade Hands              Tmut           0%         N/A       100%        5
 Excruciating Wounds      Necr           0%         N/A       100%        5
 Irradiate                Conj/Tmut      0%         3d14      100%        5


Dungeon Overview and Level Annotations

Branches:
Dungeon (5/15)            Ossuary (visited)
 Temple: D:4-7

Altars:
Okawaru
Ru


Innate Abilities, Weirdness & Mutations

You are completely covered in rugged brown scales. (AC +3, +7% HP)
You have supernaturally acute eyesight. (SInv)
Armour fits poorly on your strangely shaped body.
You can roll at nearby foes to attack.
You have a long armoured tail.
You curl defensively after being hit. (AC +7*)


Message History

The wight hits you with a +2 mace.
You slash the wight!
The wight convulses.
The wight is severely damaged.
The wight hits you but does no damage.
You slash the wight!
You destroy the wight!
Okawaru accepts your kill.
An iguana comes into view.
Things that are here:
a +2 mace; a +0 robe
Things that are here:
a +3 scimitar; a +0 robe You are too injured to fight recklessly!
Roll where?
Press: ? - help, Dir - move target, f - iguana
Aim: an iguana You roll forward with a clatter of scales!
You slash the iguana!
You tail-slap the iguana, but do no damage.
The iguana is almost dead.
The iguana bites you.
You hit the iguana.
The iguana is almost dead.
The iguana bites you!
* * * LOW HITPOINT WARNING * * *
You hit the iguana but do no damage.
The iguana is almost dead.
The iguana bites you but does no damage.
You closely miss the iguana.
The iguana is almost dead.
The iguana bites you!
* * * LOW HITPOINT WARNING * * *
You hit the iguana but do no damage.
The iguana is almost dead.
The iguana bites you.
* * * LOW HITPOINT WARNING * * *
You barely miss the iguana.
The iguana is almost dead.
The iguana bites you!
You die...

...........
........... #........
#.......######
#.......'....#
#.......#....#########
#.......#....#........
#....l..#....#........
#....@).#....#........
#.....>.#....##....(..
#..))...#....##'#####.
#.......#....##....##.
#.......#.............
#.......#>.)..........
#.......#....#.#.#.#.#
#.......#...#.#.#.#.#.
#.......#...)#.#.#.#.#


You could see an iguana.

Vanquished Creatures
  Edmund (D:4)
  A scorpion (D:4)
  3 wights (D:5)
  A human zombie (Ossuary)
  An orc priest (D:5)
  Terence (D:3)
  4 orc wizards
  A hound skeleton (D:4)
  2 mummies (Ossuary)
  Robin (D:3)
  An adder (D:2)
  An adder skeleton (D:4)
  A worm (D:3)
  3 dart slugs (D:3)
  22 orcs
  9 endoplasms
  5 giant cockroaches
  3 gnoll zombies (Ossuary)
  15 goblins
  6 hobgoblins
  13 kobolds
  5 quokkas
  5 ball pythons
  3 bats
  5 frilled lizards
  A goblin zombie (Ossuary)
  5 hobgoblin zombies (Ossuary)
  4 orc zombies (Ossuary)
  6 rats
129 creatures vanquished.

Notes
Turn   | Place    | Note
-------+----------+-------------------------------------------
     0 | D:1      | MisterFreud the Palentonga Fighter began the quest for the
                  | Orb.
     0 | D:1      | Reached XP level 1. HP: 19/19 MP: 1/1
   166 | D:1      | Reached XP level 2. HP: 18/25 MP: 2/2
   387 | D:1      | Reached skill level 3 in Long Blades
  1073 | D:2      | Reached XP level 3. HP: 6/31 MP: 3/3
  1488 | D:2      | Found an iron altar of Okawaru.
  1499 | D:2      | Became a worshipper of Warmaster Okawaru
  1765 | D:2      | Reached skill level 4 in Long Blades
  1869 | D:3      | Noticed Robin
  1897 | D:3      | Reached XP level 4. HP: 37/37 MP: 4/4
  1900 | D:3      | Killed Robin
  2047 | D:3      | Found a sacrificial altar of Ru.
  2229 | D:3      | Noticed Terence
  2239 | D:3      | Killed Terence
  2240 | D:3      | Reached skill level 5 in Long Blades
  2517 | D:3      | Reached XP level 5. HP: 15/43 MP: 5/5
  3129 | D:3      | Found a faded altar of an unknown god.
  3204 | D:4      | Identified a scroll of acquirement
  3204 | D:4      | Acquired a +0 barding of stealth
  3264 | D:4      | Found a sand-covered staircase.
  3268 | Ossuary  | Entered an ossuary
  3310 | Ossuary  | Reached * piety under Okawaru
  3311 | Ossuary  | Reached skill level 6 in Long Blades
  3637 | D:4      | Reached XP level 6. HP: 38/50 MP: 6/6
  3739 | D:4      | Noticed Edmund
  4037 | D:4      | Killed Edmund
  4038 | D:4      | Reached skill level 1 in Invocations
  4755 | D:5      | Entered Level 5 of the Dungeon
  4788 | D:5      | Reached skill level 7 in Long Blades
  4788 | D:5      | Gained mutation: You curl defensively after being hit. (AC
                  | +7*) [Palentonga growth]
  4788 | D:5      | Reached XP level 7. HP: 55/55 MP: 9/9
  4878 | D:5      | Reached ** piety under Okawaru
  4889 | D:5      | Slain by an iguana

Illustrated notes

Levels and vault maps discovered:
D:1:      dpeg_arrival_central, layout_basic
D:2:      layout_basic, basic_altar
D:3:      layout_loops_ring, old_standard_altar,
          shapermc_ecumenical_altar_hornbeckon, minmay_distorted, uniq_robin,
          uniq_terence
D:4:      layout_basic, enter_ossuary_5, uniq_edmund
D:5:      layout_gridville, minivault_23, chequers_hall_statues_corner_a

Skill      XL: |  1  2  3  4  5  6  7 |
---------------+----------------------+-----
Long Blades    | 3 4 5 6 7 |  7.4
Invocations    | 2 3 |  3.9
Fighting       | |  3.0
Armour         | |  2.4
Shields        | |  2.4

Action                   |  1- 3 |  4- 6 |  7- 9 || total
-------------------------+-------+-------+-------++-------
Melee: Long sword        |   109 |   206 |       ||   315
       Tailslap          |    15 |    32 |     5 ||    52
       Falchion          |       |    36 |    24 ||    60
Invok: Heroism           |       |     1 |       ||     1
 Abil: Rolling Charge    |    27 |    28 |     3 ||    58
  Use: Scroll            |       |     2 |       ||     2
Armor: Scale mail        |    40 |   130 |     9 ||   179
Dodge: Dodged            |    25 |    52 |     3 ||    80
Block: Buckler           |    12 |    32 |     2 ||    46
